 Dungeon Sprint DCSS version 0.20.1-1-g8b1a95d (webtiles) character file.

1250 JustSomeDude the Unseen (level 8, -11/96 HPs)
             Began as a Vampire Assassin on Aug 26, 2017.
             Was a Follower of Dithmenos.
             Mangled by a demonic crawler (13 damage)
             ... in the Dungeon (Sprint I: "Red Sonja").
             The game lasted 00:02:29 (522 turns).

JustSomeDude the Unseen (Vampire Assassin)           Turns: 522, Time: 00:02:30

Health: -11/96     AC:  3    Str: 15    XL:     8   Next: 26%
Magic:  8/8        EV: 15    Int: 13    God:    Dithmenos [*.....]
Gold:   405        SH:  0    Dex: 18    Spells: 7/7 levels left

rFire    . . .     SeeInvis +   a - +2 dagger
rCold    . . .     Gourm    .   (no shield)
rNeg     + . .     Faith    .   c - +0 robe
rPois    .         Spirit   .   (no helmet)
rElec    .         Reflect  .   d - +0 cloak
rCorr    .         Harm     .   (no gloves)
MR       .....     NoTele   +   (no boots)
Stlth    ..........             (no amulet)
Regen    0.3/turn               (no ring)
MPRegen  0.2/turn               (no ring)

@: berserking, wreathed by umbra, very quick
A: fangs 3, see invisible, unbreathing
a: Bat Form, Renounce Religion


You were in the Dungeon.
You worshipped Dithmenos.
Dithmenos was aware of your devotion.
You were not thirsty.

You visited 1 branch You collected 405 gold pieces.

Inventory:

Hand Weapons
 a - a +2 dagger (weapon)
 b - a +0 blowgun
Missiles
 e - 8 poisoned needles
 f - 2 curare-tipped needles
Armour
 c - a +0 robe (worn)
 d - a +0 cloak (worn)
 o - a +0 leather armour
Wands
 n - a wand of polymorph (5/24)
Scrolls
 m - 2 scrolls of blinking
 p - a scroll of identify {unknown}
 q - a scroll of immolation {unknown}
Potions
 g - 5 potions of blood
 k - 2 potions of magic


   Skills:
 + Level 5.6 Fighting
 + Level 5.9 Short Blades
 + Level 3.6 Throwing
 + Level 4.2 Dodging
 + Level 20.6 Stealth
 + Level 6.1 Unarmed Combat


You had 7 spell levels left.
You didn't know any spells.

Dungeon Overview and Level Annotations

Branches:
Dungeon (1/1)

Altars:
Cheibriados
Dithmenos
Elyvilon
Fedhas
Gozag
Hepliaklqana
Kikubaaqudgha
Makhleb
Nemelex Xobeh
Okawaru
Qazlal
Ru
Sif Muna
Trog
Uskayaw
Vehumet
Xom
Yredelemnul
Zin
The Shining One
Jiyva
Lugonu

Shops:
D =


Innate Abilities, Weirdness & Mutations

You have razor-sharp teeth.
You have supernaturally acute eyesight. (SInv)
You can survive without breathing.


Message History

The demonic crawler barely misses you. The demonic crawler hits you! x2
There is an open door, spattered with blood here.
There is an open door, spattered with blood here.
Items here: )) [[ a dagger; a robe; a dagger; a robe The demonic crawler hits you. x2; The demonic crawler hits you!
You hit the demonic crawler.
The demonic crawler is lightly wounded.
You hit the demonic crawler.
You punch the demonic crawler, but do no damage.
The demonic crawler is lightly wounded.
The demonic crawler hits you!
* * * LOW HITPOINT WARNING * * *
The demonic crawler misses you. The demonic crawler hits you!
* * * LOW HITPOINT WARNING * * *
A red film seems to cover your vision as you go berserk!
You feel yourself moving faster!
You feel mighty! The demonic crawler hits you.
* * * LOW HITPOINT WARNING * * *
The demonic crawler hits you!
You die...

##########################
#<.#..'..#.)'..#__#..'...#
#.÷'..#).'..#.s'.s's.#...#
#..#####'#####s#__####...'..#
#..####..#...#s#### #####..+
#..#__####..##@# +##
#..#_____##'#..+
#⌠⌠#_.∩...'..._#
####_..__##_.#'#
#_____###+#.# ####### ###


You could see 3 demonic crawlers.

Vanquished Creatures
  2 kobold demonologists (D)
  A slime creature (D)
  A yak (D)
  Sigmund (D)
  A floating eye (D)
  An ogre (D)
  A jelly (D)
  Ijyb (D)
9 creatures vanquished.

Vanquished Creatures (others)
  A gargoyle (D)
1 creature vanquished.

Grand Total: 10 creatures vanquished

Notes
Turn   | Place    | Note
-------+----------+-------------------------------------------
     0 | D        | JustSomeDude the Vampire Assassin began the quest for the Orb.
     0 | D        | Reached XP level 1. HP: 16/16 MP: 1/1
     1 | D        | Noticed Ijyb
    33 | D        | Killed Ijyb
    33 | D        | Reached skill level 9 in Stealth
    33 | D        | Reached skill level 1 in Unarmed Combat
    33 | D        | Reached XP level 2. HP: 22/23 MP: 2/2
    37 | D        | Noticed an ogre
    42 | D        | Killed an ogre
    42 | D        | Reached skill level 12 in Stealth
    42 | D        | Reached XP level 3. HP: 29/29 MP: 3/3
    42 | D        | Reached XP level 4. HP: 35/35 MP: 4/4
    44 | D        | Noticed Sigmund
    47 | D        | Killed Sigmund
    47 | D        | Reached skill level 15 in Stealth
    47 | D        | Reached XP level 5. HP: 42/42 MP: 5/5
    47 | D        | Reached XP level 6. HP: 48/48 MP: 6/6
    91 | D        | Found a deep blue altar of Sif Muna.
    93 | D        | Found a radiant altar of Vehumet.
    98 | D        | Found Gyeplyud's Jewellery Emporium.
    98 | D        | Found an ancient bone altar of Kikubaaqudgha.
    98 | D        | Found a hazy altar of Hepliaklqana.
    98 | D        | Found a stormy altar of Qazlal.
    98 | D        | Found a hide-covered altar of Uskayaw.
    98 | D        | Found a blossoming altar of Fedhas.
    98 | D        | Found a bloodstained altar of Trog.
    98 | D        | Found an iron altar of Okawaru.
    98 | D        | Found a basalt altar of Yredelemnul.
    98 | D        | Found a glowing golden altar of the Shining One.
    98 | D        | Found a snail-covered altar of Cheibriados.
    98 | D        | Found a sacrificial altar of Ru.
    98 | D        | Found a glowing silver altar of Zin.
    98 | D        | Found a shadowy altar of Dithmenos.
    98 | D        | Found a white marble altar of Elyvilon.
    98 | D        | Noticed a yak
    99 | D        | Found an opulent altar of Gozag.
   100 | D        | Killed a yak
   100 | D        | Reached skill level 17 in Stealth
   101 | D        | Found a sparkling altar of Nemelex Xobeh.
   108 | D        | Became a worshipper of Dithmenos the Shadowed
   147 | D        | Found a viscous altar of Jiyva.
   147 | D        | Found a corrupted altar of Lugonu.
   147 | D        | Noticed a slime creature
   148 | D        | Found a burning altar of Makhleb.
   148 | D        | Found a shimmering altar of Xom.
   150 | D        | Killed a slime creature
   150 | D        | Reached skill level 18 in Stealth
   150 | D        | Reached skill level 5 in Unarmed Combat
   150 | D        | Reached XP level 7. HP: 55/55 MP: 7/7
   160 | D        | Noticed a kobold demonologist
   161 | D        | Noticed a kobold demonologist
   167 | D        | Noticed a red devil
   167 | D        | Paralysed by a floating eye for 4 turns
   170 | D        | Noticed a red devil
   175 | D        | Paralysed by a floating eye for 3 turns
   177 | D        | Noticed a hellwing
   180 | D        | Paralysed by a floating eye for 2 turns
   189 | D        | Noticed a rust devil
   190 | D        | Reached * piety under Dithmenos
   190 | D        | Reached skill level 5 in Short Blades
   190 | D        | Reached skill level 19 in Stealth
   211 | D        | Noticed a smoke demon
   217 | D        | Noticed a sixfirhy
   227 | D        | Killed a kobold demonologist
   227 | D        | Reached skill level 5 in Fighting
   227 | D        | Reached skill level 20 in Stealth
   231 | D        | Noticed a rust devil
   235 | D        | Noticed a ynoxinul
   241 | D        | Noticed a rust devil
   272 | D        | Killed a kobold demonologist
   272 | D        | Reached XP level 8. HP: 24/64 MP: 8/8
   353 | D        | Killed a gargoyle
   507 | D        | Noticed a demonic crawler
   507 | D        | Noticed a demonic crawler
   507 | D        | Noticed a demonic crawler
   507 | D        | Noticed a demonic crawler
   522 | D        | HP: 2/96 [demonic crawler (4)]
   522 | D        | Mangled by a demonic crawler

Skill      XL: |  1  2  3  4  5  6  7 |
---------------+----------------------+-----
Fighting       | 2 3 4 5 |  5.6
Throwing       | 2 3 |  3.6
Stealth        | 9 12 15 18 20 | 20.6
Unarmed Combat | 1 2 3 5 6 |  6.1
Short Blades   | 3 4 5 |  5.9
Dodging        | 2 4 |  4.2

Action                   |  1- 3 |  4- 6 |  7- 9 || total
-------------------------+-------+-------+-------++-------
Melee: Unarmed           |    26 |       |       ||    26
       Dagger            |     5 |     4 |    88 ||    97
       Bite              |     1 |       |     8 ||     9
       Punch             |       |       |     4 ||     4
  Use: Potion            |       |       |     4 ||     4
 Stab: Confused          |     2 |       |       ||     2
       Sleeping          |     1 |     4 |       ||     5
Armor: Skin              |     2 |       |       ||     2
       Robe              |       |       |    20 ||    20
Dodge: Dodged            |    14 |       |    34 ||    48
